[Event "*** Titled Tuesday Blitz"]
[Site "Chess.com"]
[Date "2021.02.16"]
[Round "9"]
[White "novocane"]
[Black "WiktoriaPOL"]
[Result "1-0"]
[WhiteElo "2249"]
[BlackElo "2031"]
[TimeControl "180+1"]
[EndTime "11:47:59 PST"]
[Termination "novocane won on time"]

1. d4 Nf6 2. c4 g6 3. Nc3 Bg7 4. e4 d6 5. f3 O-O 6. Bg5 c5 7. d5 e6 8. Qd2 exd5 9. cxd5 Re8 10. Nge2 a6 11. a4 Qa5 12. Ra3 Nbd7 13. Ng3 b6 14. Be2 Bb7 15. O-O Qb4 16. Rd1 Ne5 17. Qc2 c4 18.
Be3 b5 19. axb5 axb5 20. Na2 Rxa3 21. Nxb4 Rxe3 22. Ra1 Rb3 23. Qd2 Ned7 24. Nc6 Nh5 25. Ra2 Nxg3 26. hxg3 Bxc6 27. dxc6 Nc5 28. Qxd6 Nd3 29.
c7 Rf8 30. Qxf8+ 1-0

[Event "*** Titled Tuesday Blitz"]
[Site "Chess.com"]
[Date "2021.02.16"]
[Round "9"]
[White "GMKrikor"]
[Black "Sadykov_Ramil"]
[Result "0-1"]
[WhiteElo "2798"]
[BlackElo "2594"]
[TimeControl "180+1"]
[EndTime "11:48:00 PST"]
[Termination "Sadykov_Ramil won by checkmate"]

1. Nf3 Nf6 2. c4 e6 3. Nc3 d5 4.
e3 Be7 5. b3 O-O 6. Bb2 b6 7.
cxd5 Nxd5 8. Nxd5 Qxd5 9. Bc4 Qh5 10. g4 Qa5 11. a3 b5 12. Bd3 Bb7 13. Ke2 Nd7 14. Qc2 h6 15. Rhg1 c5 16. g5 h5 17.
Be4 Qb6 18. Bxb7 Qxb7 19. Qc3 f6 20. Qd3 Qd5 21. Qg6 Ne5 22. Bxe5 fxe5 23. e4 Qxb3 24.
Rg3 Qc4+ 25. Ke1 Rf4 26. Qxh5 Rxe4+ 27. Kd1 Qb3+ 28. Kc1 Rc4# 0-1

[Event "*** Titled Tuesday Blitz"]
[Site "Chess.com"]
[Date "2021.02.16"]
[Round "9"]
[White "LileKoridze"]
[Black "Make_it_shine060"]
[Result "1-0"]
[WhiteElo "2364"]
[BlackElo "2178"]
[TimeControl "180+1"]
[EndTime "11:48:01 PST"]
[Termination "LileKoridze won by checkmate"]

1. d4 Nf6 2. c4 g6 3. Nc3 d5 4. Nf3 Bg7 5. Bg5 c5 6. dxc5 dxc4 7.
Qxd8+ Kxd8 8. O-O-O+ Ke8 9. e4 Bg4 10. Bxc4 Nc6 11. Bf4 Rc8 12. Kb1 a6 13. Nd5 Nxe4 14. Nb6 Rd8 15. Rxd8+ Nxd8 16. Re1 Nxc5 17. Ng5 Bf5+ 18.
Ka1 e6 19. Rd1 Nc6 20. Bd6 Ne4 21. Nxe4 Bxe4 22. f3 Bc2 23. Rd2 Nd4 24. Bc5 Nxf3 25. gxf3 Bf5 26. Nc8 Bf8 27. Bb6 Be7 28. Nxe7 Kxe7 29.
Bc5+ Ke8 30. b4 b5 31. Bd4 Rg8 32. Bf6 bxc4 33. Rd8# 1-0

[Event "*** Titled Tuesday Blitz"]
[Site "Chess.com"]
[Date "2021.02.16"]
[Round "9"]
[White "Kostukov_Alex"]
[Black "PawnEatingZombie"]
[Result "1-0"]
[WhiteElo "2312"]
[BlackElo "2133"]
[TimeControl "180+1"]
[EndTime "11:48:02 PST"]
[Termination "Kostukov_Alex won on time"]

1. g3 d5 2. Bg2 e6 3. d3 Nf6 4. e4 dxe4 5. dxe4 Qxd1+ 6. Kxd1 e5 7. f3 Be6 8. Be3 Nbd7 9. Nd2 c6 10. Bh3 Bxh3 11. Nxh3 Bc5 12. Ke2 Bxe3 13. Kxe3 Ke7 14.
a4 a5 15. Nc4 Ne8 16. Rhd1 Nc7 17. Nf2 Ne6 18. Nd3 f6 19. c3 Rhd8 20. f4 exf4+ 21. gxf4 g5 22. f5 Nec5 23. Nxc5 Nxc5 24. Rxd8 Rxd8 25. Nxa5 Rd3+ 26. Ke2 Rh3 27. b4 Nxe4 28. Nxb7 Nxc3+ 29. Kd2 Ne4+ 30. Kc2 Kd7 31. a5 Kc7 32.
a6 Kb8 33. Re1 Rxh2+ 34. Kd3 Nf2+ 35. Kc4 Ka7 36. Nc5 Rh4+ 37. Kb3 Rh3+ 38. Ka4 Nd3 39. Re7+ Ka8 40. Nxd3 Rxd3 41. Rxh7 Rd5 42. Rc7 Rxf5 43. Rxc6 Rf1 44. Ka5 g4 45. Kb6 1-0

[Event "*** Titled Tuesday Blitz"]
[Site "Chess.com"]
[Date "2021.02.16"]
[Round "9"]
[White "hansen"]
[Black "Alexsur1981"]
[Result "1-0"]
[WhiteElo "2937"]
[BlackElo "2843"]
[TimeControl "180+1"]
[EndTime "11:48:03 PST"]
[Termination "hansen won by checkmate"]

1. e4 c5 2. Nf3 e6 3. d4 cxd4 4. Nxd4 Nf6 5. Nc3 Nc6 6. Ndb5 Bc5 7. Bf4 O-O 8. Bd6 Qb6 9. Bxc5 Qxc5 10. Qd6 Qb6 11.
Qc7 Qc5 12. Qd6 Qb6 13. Qd2 a6 14. Nd6 Qxb2 15. Rb1 Qa3 16. Be2 Ne8 17. Nc4 Qe7 18. Nb6 Rb8 19. O-O d6 20. f4 Nf6 21. Rfd1 Rd8 22. Qe3 Qc7 23. g4 Nd7 24. Nc4 Nf8 25. Nb6 Bd7 26. f5 Ne5 27. g5 Bc6 28. f6 g6 29. Qh3 h5 30. Bxh5 Bxe4 31. Nxe4 Qxc2 32. Bf3 d5 33. Nf2 Qf5 34. Qxf5 gxf5 35. Be2 Rd6 36. Nd3 Neg6 37. Nc5 Nh7 38. Nbd7 Rd8 39. Rxb7 Nxg5 40. Kf2 Ne4+ 41. Ke3 e5 42. Nxe4 fxe4 43. Nc5 Kf8 44. Nxe4 Re6 45. Ng5 Rc6 46. Rxf7+ Ke8 47. Bh5 d4+ 48.
Ke4 Nf4 49. Rh7+ Kf8 50. Rh8# 1-0

[Event "*** Titled Tuesday Blitz"]
[Site "Chess.com"]
[Date "2021.02.16"]
[Round "9"]
[White "Tpros"]
[Black "Kretov_Evgenij"]
[Result "0-1"]
[WhiteElo "2473"]
[BlackElo "2619"]
[TimeControl "180+1"]
[EndTime "11:48:03 PST"]
[Termination "Kretov_Evgenij won on time"]

1. c4 Nf6 2. d3 c5 3. g3 d5 4.
cxd5 Nxd5 5. Bg2 Nc6 6. Nf3 e5 7. Na3 Be6 8. Ng5 Nc7 9. Nxe6 Nxe6 10. Bxc6+ bxc6 11. O-O Nd4 12. Nc4 f6 13. f4 exf4 14. Bxf4 Be7 15. e3 Ne6 16. Qf3 Qd5 17. e4 Qd4+ 18. Kg2 O-O 19. Rad1 Rad8 20. Be3 Qd7 21. h4 Bd6 22. Qf5 g6 23. Qg4 Kg7 24. h5 Bb8 25. Rd2 Nd4 26. Qxd7+ Rxd7 27. Rdf2 gxh5 28. Rh1 Ne6 29.
Rxh5 Rxd3 30. Bxc5 Rxg3+ 31. Kf1 Rd8 32. Be7 Rd1+ 33.
Ke2 Rgg1 34. Bxf6+ Kg6 35. Rhf5 Rge1+ 36. Kf3 Rd3+ 37.
Kg2 Rg3+ 38. Kh2 Rg4+ 0-1

[Event "*** Titled Tuesday Blitz"]
[Site "Chess.com"]
[Date "2021.02.16"]
[Round "9"]
[White "catzapto"]
[Black "LenkaPtacnikova"]
[Result "1-0"]
[WhiteElo "2101"]
[BlackElo "2086"]
[TimeControl "180+1"]
[EndTime "11:48:04 PST"]
[Termination "catzapto won by checkmate"]

1. e4 c5 2. Nf3 e6 3. c3 Nf6 4. e5 Nd5 5. d4 cxd4 6. cxd4 d6 7. Nc3 Nxc3 8. bxc3 dxe5 9. Nxe5 Nc6 10. Bb5 Bd7 11. Nxd7 Qxd7 12. O-O Bd6 13. Re1 O-O 14. Qg4 Qc7 15. h4 Kh8 16. Bd2 Rac8 17. h5 h6 18. Bd3 f5 19. Qe2 Rf6 20. Rac1 Bf4 21. Bxf4 Qxf4 22.
Qe3 Qd6 23. Bc4 Na5 24. Bxe6 Re8 25. d5 Nc4 26. Qd4 Qa6 27. Rb1 Rd8 28. Rb4 Nb6 29. a4 Qa5 30. Reb1 Rxe6 31. Rb5 Qa6 32. a5 Nc8 33. Rxb7 Red6 34. Qxg7# 1-0

[Event "*** Titled Tuesday Blitz"]
[Site "Chess.com"]
[Date "2021.02.16"]
[Round "9"]
[White "WPWPWP-2015"]
[Black "A-S-00"]
[Result "0-1"]
[WhiteElo "2470"]
[BlackElo "2335"]
[TimeControl "180+1"]
[EndTime "11:48:05 PST"]
[Termination "A-S-00 won on time"]

1. e4 c5 2. Nf3 Nc6 3. Bc4 e6 4.
O-O Nf6 5. e5 Ng4 6. Re1 Qc7 7.
Qe2 d6 8. exd6 Bxd6 9. h3 Nge5 10. Nxe5 Nxe5 11. Bb5+ Nc6 12. Qe4 Bd7 13. Nc3 O-O 14.
a3 a6 15. Bd3 f5 16. Qh4 Rf6 17. Bf1 Rh6 18. Qc4 Nd4 19. Ne2 Rxh3 20. gxh3 Nf3+ 21. Kh1 Nxe1 22. Bg2 Nxg2 23. Kxg2 b5 24. Qh4 Bc6+ 25. Kf1 Rf8 26. d4 Be4 27. Bf4 cxd4 28. Bxd6 Qxd6 29.
Rd1 e5 30. Qg3 f4 31. Qg5 Bxc2 32. Rd2 h6 33. Qh4 Bf5 34. f3 Rc8 35. Kg2 g5 36. Qe1 Qe6 0-1

[Event "*** Titled Tuesday Blitz"]
[Site "Chess.com"]
[Date "2021.02.16"]
[Round "9"]
[White "TeukkaSalama"]
[Black "annacramling"]
[Result "1-0"]
[WhiteElo "2376"]
[BlackElo "2130"]
[TimeControl "180+1"]
[EndTime "11:48:05 PST"]
[Termination "TeukkaSalama won on time"]

1. d4 Nf6 2. Bf4 d5 3. e3 c5 4. c3 Nc6 5. Nd2 cxd4 6. exd4 Bf5 7. Ngf3 e6 8. Qb3 Qc8 9. Be2 Be7 10. O-O O-O 11.
Rae1 h6 12. Ne5 Nxe5 13. Bxe5 Nd7 14. Bg3 a6 15. a4 Nf6 16. Nf3 Ne4 17. Qd1 Qd8 18.
Bd3 Nxg3 19. hxg3 Bxd3 20. Qxd3 Qb6 21. Re2 Bd6 22. Ra1 Rac8 23. Nd2 Qxb2 24. Rb1 Qxc3 25.
Qxc3 Rxc3 26. Rxb7 Rc2 27. Kf1 a5 28. Nb3 Rxe2 29.
Kxe2 Bb4 30. Ra7 Rc8 31. Nxa5 Rc2+ 32. Kf3 Be1 33. Ra8+ Kh7 34. Nb7 h5 35. Nd6 Rxf2+ 36. Ke3 Rxg2 37. Nxf7 Rxg3+ 38. Ke2 Bc3 39. Rh8+ 1-0

[Event "*** Titled Tuesday Blitz"]
[Site "Chess.com"]
[Date "2021.02.16"]
[Round "9"]
[White "Hangar-18"]
[Black "rozabaku"]
[Result "1-0"]
[WhiteElo "2377"]
[BlackElo "2227"]
[TimeControl "180+1"]
[EndTime "11:48:05 PST"]
[Termination "Hangar-18 won by resignation"]

1. c4 Nf6 2. Nc3 c5 3. Nf3 d5 4. cxd5 Nxd5 5. g3 Nc6 6. Bg2 Nc7 7. a3 e5 8. b4 cxb4 9. axb4 Bxb4 10. Nxe5 O-O 11.
Nxc6 bxc6 12. Bxc6 Bxc3 13. dxc3 Qxd1+ 14. Kxd1 Rd8+ 15.
Kc2 Rb8 16. Bf4 Bb7 17. Bxc7 Bxc6 18. f3 Bb5 19. Bxb8 Rxb8 20. Rxa7 Bxe2 21. f4 Bf3 22. Re1 g6 23. Ree7 Bd5 24. Rec7 Be6 25. c4 Rb4 26. Kc3 Rb1 27. Kd4 Rh1 28. Ke5 Kg7 29. Rc6 Re1+ 30. Kd4 Kf6 31. g4 h6 32. Ra5 Rd1+ 33. Kc3 Rc1+ 34. Kb3 Rh1 35. f5 gxf5 36. gxf5 Rxh2 37. fxe6 fxe6 38. Raa6 Re2 39. Kb4 h5 40. Rc8 Kg7 41. Ra1 h4 42. Rg1+ Kf7 43. Rh8 Re4 44. Rh7+ Kf6 45.
Rh5 1-0

[Event "*** Titled Tuesday Blitz"]
[Site "Chess.com"]
[Date "2021.02.16"]
[Round "9"]
[White "kayrakamer"]
[Black "ChristopherYoo"]
[Result "1-0"]
[WhiteElo "2731"]
[BlackElo "2884"]
[TimeControl "180+1"]
[EndTime "11:48:06 PST"]
[Termination "kayrakamer won by resignation"]

1. e4 c5 2. Nf3 e6 3. d4 cxd4 4.
Nxd4 Nf6 5. Bd3 Be7 6. O-O d5 7.
e5 Nfd7 8. Qe2 Qb6 9. Qg4 Kf8 10. Nf3 Nc6 11. Re1 Qb4 12. Qg3 Nc5 13. Nc3 h5 14. h3 h4 15. Qh2 Bd7 16. a3 Qb6 17. Be3 Qd8 18. Bf1 Rc8 19. b4 Ne4 20. Nxe4 dxe4 21.
Nd4 Nxd4 22. Bxd4 Rxc2 23. Rad1 Bc6 24. Bxa7 Qa8 25. Bc5 Bxc5 26. bxc5 Rxc5 27. Qf4 Rd5 28. Rxd5 Bxd5 29. Rc1 Qd8 30. Bc4 Bxc4 31. Rxc4 Rh5 32. Qxe4 Qd7 33. Qc2 Qb5 34. Rc8+ Ke7 35. Qc7+ 1-0

[Event "*** Titled Tuesday Blitz"]
[Site "Chess.com"]
[Date "2021.02.16"]
[Round "9"]
[White "AlexNovitz"]
[Black "MF1966Idrisov"]
[Result "0-1"]
[WhiteElo "2189"]
[BlackElo "2347"]
[TimeControl "180+1"]
[EndTime "11:48:06 PST"]
[Termination "MF1966Idrisov won by resignation"]

1. e4 d5 2. exd5 Qxd5 3. Nc3 Qd6 4. Nf3 a6 5. d4 Nf6 6. h3 Bf5 7. Be2 e6 8. Be3 Nc6 9. O-O Be7 10. Re1 O-O 11. Qd2 Rad8 12. Bf4 Qd7 13. Rad1 Ne4 14. Nxe4 Bxe4 15. c3 Rfe8 16. Ne5 Nxe5 17. Bxe5 Bc6 18. a3 Bf8 19. Qf4 Rc8 20. Bh5 Bd6 21. Bxd6 cxd6 22.
Rd3 Bd5 23. Rg3 g6 24. Bf3 Bxf3 25. Qxf3 d5 26. h4 Kg7 27. h5 Qe7 28. Qf4 b5 29.
Ree3 a5 30. Ref3 Rf8 31. Rh3 g5 32. h6+ Kh8 33. Qg4 f5 34. Qh5 g4 35. Rfg3 gxh3 36. Rg7 Qf6 37. Qxh3 Rg8 38. Ra7 Rg6 39.
Rxa5 Rxh6 40. Qe3 Qh4 41. Kf1 Qh1+ 42. Ke2 Qh5+ 43. f3 f4 44. Qxe6 Rxe6+ 0-1

[Event "*** Titled Tuesday Blitz"]
[Site "Chess.com"]
[Date "2021.02.16"]
[Round "9"]
[White "GM_LOADING"]
[Black "seorobert1971"]
[Result "0-1"]
[WhiteElo "2506"]
[BlackElo "2724"]
[TimeControl "180+1"]
[EndTime "11:48:09 PST"]
[Termination "seorobert1971 won by resignation"]

1. d4 e6 2. e4 d5 3. Nc3 Nf6 4. Bg5 dxe4 5. Nxe4 Nbd7 6. Nxf6+ Nxf6 7. Nf3 Be7 8. Bd3 b6 9. Qe2 Bb7 10. Bb5+ c6 11. Bd3 O-O 12. O-O c5 13. dxc5 Bxc5 14. Rad1 Qe7 15. Ne5 h6 16. Bh4 g5 17. Bg3 Rfd8 18. h4 Kg7 19. Rfe1 Nd5 20. a3 Bd6 21. c4 Nf6 22. b4 a5 23. hxg5 hxg5 24. Qe3 Nh5 25. Bh2 axb4 26. axb4 Bxb4 27. Re2 Bc5 28. Qh3 Rh8 29. Qg4 Rad8 30. Rde1 Qf6 31. Nxf7 Kxf7 32. Kh1 Nf4 33. Rxe6 Nxe6 34. Bf5 Bc8 35.
Kg1 Ng7 36. Be5 Qxf5 37. Qg3 Nh5 38. Qc3 0-1

[Event "*** Titled Tuesday Blitz"]
[Site "Chess.com"]
[Date "2021.02.16"]
[Round "9"]
[White "Vamostodorecto"]
[Black "Stewie_89"]
[Result "0-1"]
[WhiteElo "2421"]
[BlackElo "2604"]
[TimeControl "180+1"]
[EndTime "11:48:09 PST"]
[Termination "Stewie_89 won by resignation"]

1. d4 d5 2. c4 c6 3. Nc3 Nf6 4.
Nf3 dxc4 5. a4 Bf5 6. Ne5 Nbd7 7. Nxc4 Nd5 8. f3 e5 9. dxe5 Nxc3 10. bxc3 Qh4+ 11.
g3 Qxc4 12. e4 Qxc3+ 13. Bd2 Qxe5 14. Be2 Bh3 15. Rb1 b6 16. Ba6 Nc5 17. Bc4 Rd8 18. Qe2 Be7 19. Rc1 O-O 20. Bc3 Qc7 21. Ra1 Be6 22.
O-O Bxc4 23. Qxc4 Rd3 24. Kg2 Rfd8 25. Rf2 a6 26. Rc1 b5 27. axb5 axb5 28. Qa2 Na4 29. Be1 c5 30. Qb1 Qc6 31. Ba5 R8d7 32. Ra2 h5 33. Qc2 c4 34. Qf2 Nc5 35. Bb4 Nb3 36. Bxe7 Nxc1 37. Rc2 Rxe7 38. Rxc1 c3 39. Qb6 Qxb6 0-1

[Event "*** Titled Tuesday Blitz"]
[Site "Chess.com"]
[Date "2021.02.16"]
[Round "9"]
[White "IAgrest"]
[Black "JoliyRoger"]
[Result "0-1"]
[WhiteElo "2313"]
[BlackElo "2421"]
[TimeControl "180+1"]
[EndTime "11:48:09 PST"]
[Termination "JoliyRoger won on time"]

1. e4 c6 2. d4 d5 3. f3 e6 4.
Nc3 Nf6 5. Bf4 Bb4 6. Qd3 b6 7. Ne2 Ba6 8. Qe3 Bxc3+ 9. Nxc3 Bxf1 10. Rxf1 Nbd7 11. O-O-O O-O 12. g4 Qc8 13. e5 Ne8 14. h4 c5 15. h5 cxd4 16. Qxd4 Qc5 17. Qd2 b5 18. Kb1 a5 19. g5 a4 20. Be3 Qc7 21.
Nxb5 Qb8 22. Qe2 a3 23. b3 Ra5 24. Nd4 Qxe5 25. f4 Qe4 26. Qd3 Nc5 27. Qxe4 Nxe4 28. Rd3 N8d6 29. g6 Nb5 30. gxf7+ Kxf7 31. Nc6 Ra6 32. Ne5+ Kg8 33. Rg1 Ra7 34. h6 Rc7 35. hxg7 Rxg7 36. Rxg7+ Kxg7 37. Kc1 Nbd6 0-1

[Event "*** Titled Tuesday Blitz"]
[Site "Chess.com"]
[Date "2021.02.16"]
[Round "9"]
[White "grandcoach"]
[Black "korkmaz16"]
[Result "0-1"]
[WhiteElo "2235"]
[BlackElo "2388"]
[TimeControl "180+1"]
[EndTime "11:48:09 PST"]
[Termination "korkmaz16 won by checkmate"]

1. e4 e6 2. Nf3 c5 3. b4 cxb4 4. a3 bxa3 5. d4 d5 6. e5 Nc6 7.
c3 Nge7 8. Bd3 Nf5 9. O-O Be7 10.
Nxa3 O-O 11. g4 Nh4 12. Nxh4 Bxh4 13. g5 Bxg5 14. Qh5 h6 15. f4 Be7 16. Ra2 f5 17.
Rg2 Kh8 18. Rg6 Kh7 19. Rf3 Rg8 20. Rh3 Bf8 21. Nb5 Bd7 22. Nd6 Be8 23. Rhg3 Bxd6 24. exd6 Bxg6 25. Qxg6+ Kh8 26. Qxe6 Qf6 27. Qxd5 Rad8 28.
Ba3 Rge8 29. Qxf5 Qxf5 30. Bxf5 Re1+ 31. Kf2 Ra1 32. c4 Nxd4 33. Be4 Ra2+ 34. Kf1 Ne2 35. Rd3 Nxf4 36. Rb3 b6 37. Bb2 Rxd6 38. Be5 Rd1# 0-1

[Event "*** Titled Tuesday Blitz"]
[Site "Chess.com"]
[Date "2021.02.16"]
[Round "9"]
[White "j2806"]
[Black "BvsN"]
[Result "0-1"]
[WhiteElo "2128"]
[BlackElo "2359"]
[TimeControl "180+1"]
[EndTime "11:48:09 PST"]
[Termination "BvsN won by resignation"]

1. e4 c5 2. Nf3 e6 3. d4 cxd4 4. Nxd4 a6 5. Nc3 Qc7 6. Bd3 Nf6 7. O-O Bc5 8. Nb3 Be7 9. Be3 d6 10. h3 Nbd7 11. f4 b5 12. a3 Bb7 13. Qe2 Rc8 14. Rae1 O-O 15. Bc1 d5 16. e5 Ne4 17. Nxe4 dxe4 18. Bxe4 Bxe4 19. Qxe4 Qxc2 20. Qxc2 Rxc2 21. Rf2 Rxf2 22. Kxf2 Rc8 23. Be3 Kf8 24. Rc1 Rxc1 25. Bxc1 Ke8 26. Ke3 Nc5 27. Nxc5 Bxc5+ 28. Ke4 Kd7 29.
Bd2 Kc6 30. f5 exf5+ 31. Kxf5 Kd5 32. Bc3 Be7 33. Kf4 g6 34. g4 Bc5 35. h4 Bf8 36. h5 Be7 37. hxg6 hxg6 38. Ke3 Bg5+ 39. Kf3 Bd8 40. Kf4 Bc7 41. g5 Bb8 42. b3 Bc7 43.
Bb2 a5 44. Bc3 a4 45. bxa4 bxa4 46. Bb2 Kc4 47. Ke4 Kb3 48. Bc1 Bd8 49. Kd5 Be7 50. e6 fxe6+ 51. Kxe6 Bxa3 52. Bf4 Bb4 53. Kf7 a3 54.
Kxg6 a2 55. Be5 Bc3 56. Bxc3 Kxc3 57. Kf7 a1=Q 58. g6 Qf1+ 0-1

[Event "*** Titled Tuesday Blitz"]
[Site "Chess.com"]
[Date "2021.02.16"]
[Round "9"]
[White "jens1102"]
[Black "Zenzo"]
[Result "0-1"]
[WhiteElo "2424"]
[BlackElo "2606"]
[TimeControl "180+1"]
[EndTime "11:48:10 PST"]
[Termination "Zenzo won by resignation"]

1. e4 e5 2. Nf3 Nc6 3. Bb5 a6 4. Ba4 Nge7 5. O-O g6 6. d4 exd4 7. Nxd4 Bg7 8. Nxc6 Nxc6 9. Nc3 O-O 10. Be3 b5 11. Bb3 Na5 12. Bd4 Bh6 13. Bd5 c6 14. b4 Nc4 15. Bxc4 bxc4 16. e5 a5 17. Ne4 Bg7 18. Nf6+ Kh8 19. Bc5 axb4 20. Bxb4 Re8 21. Nxe8 Qxe8 22. Bd6 c3 23. f4 Ba6 24. Rf2 Bc4 25.
a3 Qe6 26. f5 gxf5 27. Qd4 Bd5 28. Qf4 Be4 29. Re1 Ra4 30. Qh4 f6 31. Bb4 Ra8 32.
exf6 Bxf6 33. Qg3 Rg8 34. Qe3 Qc4 35. g3 Bd4 36. Qf4 c5 37. Ba5 Qd5 38. Bc7 Rg4 39. Qd6 Qxd6 40. Bxd6 Rg6 41. Bf4 Bxf2+ 42. Kxf2 Ra6 43.
Be5+ Kg8 44. Bxc3 Rxa3 45. Rb1 Rxc3 46. Rb8+ Kf7 0-1

[Event "*** Titled Tuesday Blitz"]
[Site "Chess.com"]
[Date "2021.02.16"]
[Round "9"]
[White "harlem4brew"]
[Black "Grimlock_Glasgow"]
[Result "0-1"]
[WhiteElo "2308"]
[BlackElo "2440"]
[TimeControl "180+1"]
[EndTime "11:48:10 PST"]
[Termination "Grimlock_Glasgow won by resignation"]

1. e4 e5 2. Nf3 d5 3. exd5 Bd6 4. Qe2 Nf6 5. Nxe5 O-O 6. d4 Nxd5 7. g3 Nc6 8. Nxc6 bxc6 9. Be3 Rb8 10. c3 f5 11. c4 Ba6 12. Nc3 f4 13. Nxd5 cxd5 14.
gxf4 Bxc4 15. Qc2 Bxf1 16. Rxf1 Bb4+ 17. Kd1 Qd7 18. a3 Bd6 19. Rc1 Qh3 20. Re1 Bxf4 21. Bxf4 Rxf4 22. Qd2 Qf5 23. Re2 Qg4 24. Rxc7 Rxd4 25.
f3 Rxd2+ 26. Rxd2 Qxf3+ 27. Kc2 Qe4+ 28. Kc1 Qe1+ 29. Kc2 Rxb2+ 30. Kxb2 Qxd2+ 31. Rc2 Qd4+ 32. Kb3 Qb6+ 33. Kc3 Qc5+ 34. Kd3 Qxa3+ 35. Rc3 Qxc3+ 36. Kxc3 a5 37. Kd4 a4 38. Kxd5 a3 39. Kc4 a2 0-1

[Event "*** Titled Tuesday Blitz"]
[Site "Chess.com"]
[Date "2021.02.16"]
[Round "9"]
[White "starplatinum2030"]
[Black "queen_iryna"]
[Result "0-1"]
[WhiteElo "2156"]
[BlackElo "2372"]
[TimeControl "180+1"]
[EndTime "11:48:10 PST"]
[Termination "queen_iryna won on time"]

1. e4 d6 2. d4 Nf6 3. Nc3 e5 4. Nf3 Nbd7 5. Bc4 Be7 6. O-O O-O 7. Re1 c6 8. a4 h6 9. h3 Re8 10.
Be3 Bf8 11. a5 exd4 12. Bxd4 Qc7 13. Qd2 Ne5 14. Be2 Be6 15. Qe3 c5 16. Bxe5 dxe5 17.
Nd2 c4 18. Nb5 Qc6 19. Na3 c3 20. Qxc3 Qxc3 21. bxc3 Rac8 22. Bc4 Bxa3 23. Bxe6 Rxe6 24. Rxa3 Rec6 25. c4 Nd7 26. Rb1 Nc5 27. f3 a6 28.
Kf2 Rd6 29. Ke3 Rc7 30. Rc3 Ne6 31. Nb3 Nf4 32. g3 Nxh3 33. Rh1 Ng5 34. c5 Rd8 35. Rd1 Rxd1 0-1

[Event "*** Titled Tuesday Blitz"]
[Site "Chess.com"]
[Date "2021.02.16"]
[Round "9"]
[White "Julianos82"]
[Black "crazy_but_lazy"]
[Result "0-1"]
[WhiteElo "2352"]
[BlackElo "2493"]
[TimeControl "180+1"]
[EndTime "11:48:11 PST"]
[Termination "crazy_but_lazy won by resignation"]

1. d4 Nf6 2. Nf3 b6 3. Bg5 Bb7 4. Nbd2 e6 5. e3 h6 6. Bh4 d6 7. Bd3 Nbd7 8. e4 Be7 9. Qe2 O-O 10. c3 e5 11. O-O-O Nh7 12. Bg3 exd4 13. Nxd4 Nc5 14.
Bc4 Bf6 15. f3 Re8 16. Qf2 d5 17. exd5 Bxd5 18. Kb1 Bxc4 19. Nxc4 Qd5 20. Ne3 Qh5 21. Rhe1 Ng5 22. Nef5 Qg6 23. Ka1 Nge6 24. Nxe6 fxe6 25. Nh4 Bxh4 26. Bxh4 Nd3 27. Qe3 Nxe1 28. Rxe1 Qf5 29. Bg3 Rad8 30. Be5 Rd3 31. Qe2 Red8 32. a3 Rd2 33.
Qe3 Qc2 34. c4 Rd1+ 35. Rxd1 Rxd1+ 36. Ka2 Rd3 37. Qe4 Qb3+ 38. Ka1 Rd1+ 39. Qb1 Rxb1+ 40. Kxb1 Qxc4 0-1

[Event "*** Titled Tuesday Blitz"]
[Site "Chess.com"]
[Date "2021.02.16"]
[Round "9"]
[White "ClydeHillKid"]
[Black "bait_or_mate"]
[Result "1-0"]
[WhiteElo "2400"]
[BlackElo "2541"]
[TimeControl "180+1"]
[EndTime "11:48:12 PST"]
[Termination "ClydeHillKid won on time"]

1. e4 c5 2. Nf3 d6 3. d4 cxd4 4. Nxd4 Nf6 5. Nc3 a6 6. Bd3 e5 7. Nde2 Be7 8. O-O O-O 9. Ng3 Be6 10. Nd5 Nbd7 11. c4 Rc8 12. h3 Bxd5 13. cxd5 Ne8 14.
Be3 Bg5 15. Rc1 Bxe3 16. fxe3 Rxc1 17. Qxc1 g6 18. Qd2 Ng7 19. Kh2 Nc5 20. b4 Nxd3 21.
Qxd3 Qb6 22. Qc3 Qb5 23. Rf2 f5 24. exf5 gxf5 25. Rd2 Qd7 26. Rc2 Qb5 27. e4 fxe4 28. Rd2 e3 29. Qxe3 Qxb4 30. Ne4 Kh8 31. Rf2 Nf5 32. Qf3 Kg8 33. Qg4+ Ng7 34. Nf6+ Kh8 35. Qxb4 1-0

[Event "*** Titled Tuesday Blitz"]
[Site "Chess.com"]
[Date "2021.02.16"]
[Round "9"]
[White "Nozdrachev_Leonid"]
[Black "Fusikk"]
[Result "1-0"]
[WhiteElo "2544"]
[BlackElo "2686"]
[TimeControl "180+1"]
[EndTime "11:48:13 PST"]
[Termination "Nozdrachev_Leonid won by checkmate"]

1. e4 c5 2. c3 e6 3. d4 d5 4. e5 Qb6 5. Nf3 Bd7 6. a3 cxd4 7. cxd4 Bb5 8. Bd3 Nc6 9. O-O Nge7 10.
Nc3 Bxd3 11. Qxd3 Nf5 12. Na4 Qd8 13. b4 Be7 14. Nc5 b6 15. Nb3 O-O 16. Bb2 f6 17. Rfe1 fxe5 18. dxe5 Qd7 19. Nbd4 Ncxd4 20. Bxd4 Rac8 21.
Rac1 Rc7 22. Qa6 Rfc8 23. Rxc7 Rxc7 24. h3 Rc4 25. Rd1 Qc7 26. Qb5 Kf7 27. g4 Nh4 28.
Nxh4 Bxh4 29. Rd3 Qc6 30. Qa6 Qd7 31. Kg2 Rc2 32. Rf3+ Kg8 33. Rc3 Rxc3 34. Bxc3 d4 35.
Bd2 Qd5+ 36. Kg1 Qf3 37. Qc8+ Kf7 38. Qd7+ Be7 39. Bg5 Qxh3 40. Qxe7+ Kg6 41. Qxe6+ Kxg5 42. Qf5+ Kh4 43. Qh5# 1-0

[Event "*** Titled Tuesday Blitz"]
[Site "Chess.com"]
[Date "2021.02.16"]
[Round "9"]
[White "DenLaz"]
[Black "Mikhail_Golubev"]
[Result "1-0"]
[WhiteElo "2801"]
[BlackElo "2572"]
[TimeControl "180+1"]
[EndTime "11:48:14 PST"]
[Termination "DenLaz won on time"]

1. d4 Nf6 2. c4 g6 3. Nc3 Bg7 4. e4 d6 5. Be2 O-O 6. Be3 Nc6 7. Nf3 Ng4 8. Bg5 h6 9. Bh4 g5 10. Bg3 e5 11. d5 Nd4 12. Nxd4 exd4 13. Nb5 Nf6 14. f3 Nh5 15. Bf2 d3 16. Bxd3 Bxb2 17.
Rb1 Be5 18. O-O a6 19. Nd4 Qf6 20. Ne2 g4 21. Bg3 Nxg3 22. hxg3 gxf3 23. gxf3 Bh3 24. Rf2 Bxg3 25. Nxg3 Qg5 26. Rg2 Bxg2 27. Kxg2 Kh8 28. Qc1 Qf6 29. Qb2 Qxb2+ 30. Rxb2 b6 31. f4 Rg8 32.
Kf3 Rg7 33. Rh2 Rag8 34. Rxh6+ Rh7 35. Rxh7+ Kxh7 36. e5+ Kh8 37. Ne4 dxe5 38. fxe5 Rg1 39. d6 cxd6 40. exd6 f5 41. Nf6 Rd1 42. Ke2 Rxd3 43.
Kxd3 1-0

[Event "*** Titled Tuesday Blitz"]
[Site "Chess.com"]
[Date "2021.02.16"]
[Round "9"]
[White "EnergeticHay"]
[Black "MerryPoppies"]
[Result "1-0"]
[WhiteElo "2336"]
[BlackElo "2167"]
[TimeControl "180+1"]
[EndTime "11:48:16 PST"]
[Termination "EnergeticHay won by checkmate"]

1. e4 e5 2. Nf3 Nc6 3. Bc4 Nf6 4. Ng5 d5 5. exd5 Na5 6. Bb5+ c6 7. dxc6 bxc6 8. Bd3 Nd5 9. Nf3 Bd6 10. Nc3 O-O 11.
Be2 Nxc3 12. bxc3 e4 13. Nd4 c5 14. Nb5 Be5 15. O-O a6 16. Na3 Be6 17. Rb1 Qc7 18. g3 Bh3 19. Re1 f5 20. Bf1 Bg4 21. Be2 Bh3 22.
Bf1 Bxf1 23. Kxf1 f4 24. Kg2 f3+ 25. Kh1 Rf6 26. Rxe4 Raf8 27. d4 cxd4 28. cxd4 Bd6 29. Bd2 Rh6 30. Bxa5 Qxa5 31. Nc4 Qh5 32. Rh4 Qd5 33.
Rxh6 gxh6 34. Nxd6 Qxd6 35. Qd3 Qe6 36. c4 Qh3 37.
Rg1 Rf5 38. Qf1 Qg4 39. h3 Qxd4 40. g4 Rf4 41. Qb1 Qxc4 42. Qb8+ Kg7 43. Qb7+ Rf7 44. Qa8 Qxa2 45. g5 Qxf2 46. gxh6+ Kxh6 47. Qc6+ Kh5 48. Qd5+ Kh4 49. Qg5+ Kxh3 50. Qg4# 1-0

[Event "*** Titled Tuesday Blitz"]
[Site "Chess.com"]
[Date "2021.02.16"]
[Round "9"]
[White "HackingKid98"]
[Black "Nikolakis2014"]
[Result "0-1"]
[WhiteElo "2478"]
[BlackElo "2652"]
[TimeControl "180+1"]
[EndTime "11:48:19 PST"]
[Termination "Nikolakis2014 won on time"]

1. d4 Nf6 2. c4 g6 3. g3 Bg7 4. Bg2 O-O 5. Nf3 d6 6. O-O Nbd7 7. Nc3 e5 8. e4 exd4 9. Nxd4 Re8 10. f3 a6 11. Be3 Rb8 12. Qc2 Ne5 13. b3 c5 14.
Nde2 b5 15. cxb5 axb5 16. Rad1 b4 17. Na4 Qc7 18. Nf4 Bb7 19. Rf2 Red8 20. Rfd2 Ra8 21. Bf2 Bc6 22. Nd3 Nxd3 23. Rxd3 Bxa4 24. bxa4 c4 25. Rd4 Rdc8 26. Bf1 c3 27. Rxb4 Nd7 28. Rc4 Qa5 29. Rxc8+ Rxc8 30. Bh3 Qc7 31. Kg2 Rb8 32.
a5 Rb2 33. Qd3 c2 34. Rc1 Ne5 35. Qd5 h5 36. a6 Nc6 37. a7 Nxa7 38. Bxa7 Qxa7 39. Qxd6 Qe3 0-1